 Dungeon Crawl Stone Soup version bcrawl-1.17.3 (webtiles) character file.

Game seed: 14293257688012584847

892 Chiseanne the Carver (level 7, -1/50 HPs)
             Began as a Mummy Archaeologist on Oct 24, 2019.
             Was an Initiate of Gozag.
             Slain by a sky beast (5 damage)
             ... on level 5 of the Dungeon.
             The game lasted 00:07:34 (5024 turns).

Chiseanne the Carver (Mummy Archaeologist)          Turns: 5024, Time: 00:07:34

Health: -1/50      AC:  4    Str: 14    XL:     7   Next: 78%
Magic:  0/7        EV: 11    Int: 15    God:    Gozag
Gold:   333        SH:  2    Dex: 11    Spells: 6/6 levels left

rFire    x . .     SeeInvis .   s - +8 demon blade "Leech" {vamp, rN+ AC-5}
rCold    + . .     Gourm    .   (no shield)
rNeg     + + +     Faith    .   i - +1 ring mail
rPois    ∞         Spirit   +   c - +1 hat
rElec    .         Reflect  .   (no cloak)
rCorr    .         Harm     .   (no gloves)
MR       .....     Clarity  +   d - +1 pair of boots
Stlth    +.........             p - amulet of guardian spirit
HPRegen  0.16/turn              (no ring)
MPRegen  0.10/turn              (no ring)

@: no status effects
A: no food or potions, fire vulnerability, clarity, cold resistance 1, negative
energy resistance 3, torment resistance, unbreathing
a: Potion Petition, Call Merchant, Bribe Branch, Renounce Religion


You were on level 5 of the Dungeon.
You worshipped Gozag.
Gozag was aware of your devotion.
You were not hungry.

You visited 1 branch of the dungeon, and saw 5 of its levels.

You collected 426 gold pieces.
You paid 93 gold pieces to Gozag.

Inventory:

Hand Weapons
 a - a +0 mace of protection
 s - the +8 demon blade "Leech" (weapon) {vamp, rN+ AC-5}

   It inflicts no extra harm, but heals its wielder when it wounds a living foe.
   It affects your AC (-5).
   It protects you from negative energy.
 v - a +0 blowgun
Missiles
 e - 132 tomahawks (quivered)
 f - 170 bolts
 j - 394 poisoned needles
 k - 544 arrows
 n - 707 stones
 q - 393 sling bullets
Armour
 c - a +1 hat (worn)
 d - a +1 pair of boots (worn)
 i - a +1 ring mail (worn)
Jewellery
 p - an amulet of guardian spirit (around neck)
Wands
 b - a wand of acid (10)
Scrolls
 h - 5 scrolls of identify
 o - 4 scrolls of remove curse
 r - a scroll of fear
 t - 3 scrolls of teleportation


   Skills:
 - Level 2.2 Fighting
 * Level 8.1 Long Blades
 - Level 0.7 Maces & Flails
 - Level 3.0 Dodging
 - Level 2.6 Stealth


You had 6 spell levels left.
You didn't know any spells.
Your spell library was empty.

Dungeon Overview and Level Annotations

Branches:
Dungeon (5/12)
 Temple: D:4-7

Altars:
Ashenzari
Cheibriados
Gozag
Nemelex Xobeh
Uskayaw
Yredelemnul
Zin


Innate Abilities, Weirdness & Mutations

You do not eat or drink.
Your flesh is vulnerable to fire.
You are immune to poison.
You possess an exceptional clarity of mind.
Your flesh is cold resistant. (rC+)
You are immune to negative energy. (rN+++)
You are immune to unholy pain and torment.
You can survive without breathing.


Message History

The centaur hits you but does no damage.
Something hits you but does no damage. The centaur hits you!
* * * LOW HITPOINT WARNING * * *
The centaur hits you.
* * * LOW HITPOINT WARNING * * *
You barely miss the centaur.
The centaur is moderately wounded.
The centaur misses you. Something hits you but does no damage.
You hit the centaur.
You feel better.
The centaur is moderately wounded.
The centaur hits you.
* * * LOW HITPOINT WARNING * * *
The centaur barely misses you.
A sky beast appears from thin air!
Reactivating autopickup.
The sky beast hits you.
* * * LOW HITPOINT WARNING * * *
The sky beast shocks you.
You die...
Your body crumbles into a pile of gold.

##.. ...# #..# #..#
#... . #..#######...
#............ #
#cY..$......
#.#.###@##########
.............#
##......####.####
#..##### ##....### #
#. #..._...#.# #..
###....._.#.#
##..#####...........##
.........._..⌠.._...#
#....####...........#


You could see a sky beast and a centaur.

Vanquished Creatures
  2 sky beasts
  A centaur (D:4)
  2 bullfrogs
  A crimson imp (D:4)
  2 hounds (D:5)
  2 orc priests (D:4)
  A bullfrog skeleton (D:4)
  3 orc wizards
  A worker ant (D:5)
  6 gnolls
  3 adders
  A shadow imp (D:5)
  2 adder skeletons (D:5)
  2 dart slugs
  5 leopard geckos
  14 orcs
  A ball python (D:2)
  2 bats
  2 giant cockroaches (D:2)
  4 goblins
  11 hobgoblins
  7 jackals
  10 kobolds
  A quokka (D:2)
  8 frilled lizards
  2 quokka skeletons
  4 rats
100 creatures vanquished.

Notes
Turn   | Place    | Note
-------+----------+-------------------------------------------
     0 | D:1      | Chiseanne the Mummy Archaeologist began the quest for the
                  | Orb.
     0 | D:1      | Reached XP level 1. HP: 15/15 MP: 1/1
   122 | D:1      | Reached XP level 2. HP: 19/21 MP: 2/2
   533 | D:1      | Reached XP level 3. HP: 26/27 MP: 3/3
   987 | D:2      | Reached skill level 1 in Long Blades
  1027 | D:2      | Reached skill level 2 in Long Blades
  1031 | D:2      | HP: 1/27 [gnoll/+0 whip (3)]
  1395 | D:1      | Reached XP level 4. HP: 20/33 MP: 4/4
  1598 | D:2      | Reached skill level 3 in Long Blades
  2818 | D:3      | Reached skill level 4 in Long Blades
  2953 | D:3      | Reached XP level 5. HP: 31/38 MP: 5/5
  3392 | D:3      | Reached skill level 5 in Long Blades
  3895 | D:4      | Noticed a centaur
  3908 | D:4      | Killed a centaur
  3908 | D:4      | Reached skill level 6 in Long Blades
  3908 | D:4      | Reached XP level 6. HP: 3/44 MP: 1/6
  4340 | D:4      | Found an opulent altar of Gozag.
  4347 | D:4      | Became a worshipper of Gozag Ym Sagoz the Greedy
  4361 | D:4      | Reached XP level 7. HP: 43/50 MP: 5/7
  4396 | D:4      | Reached skill level 7 in Long Blades
  4819 | D:5      | Entered Level 5 of the Dungeon
  4907 | D:5      | Reached skill level 8 in Long Blades
  4940 | D:5      | Found a shattered altar of Ashenzari.
  4945 | D:5      | Found a hide-covered altar of Uskayaw.
  4946 | D:5      | Found a basalt altar of Yredelemnul.
  4948 | D:5      | Found a snail-covered altar of Cheibriados.
  4948 | D:5      | Found a glowing silver altar of Zin.
  4948 | D:5      | Found a sparkling altar of Nemelex Xobeh.
  5024 | D:5      | Slain by a sky beast

Skill      XL: |  1  2  3  4  5  6  7 |
---------------+----------------------+-----
Fighting       | 2 |  2.2
Dodging        | 3 |  3.0
Long Blades    | 2 4 6 8 |  8.1
Maces & Flails | |  0.7
Stealth        | |  2.6

Action                   |  1- 3 |  4- 6 |  7- 9 || total
-------------------------+-------+-------+-------++-------
Melee: Spear             |    28 |       |       ||    28
       Hand axe          |   112 |     6 |       ||   118
       Mace              |       |   256 |       ||   256
       Demon blade       |       |    12 |    78 ||    90
Throw: Stone             |       |     1 |       ||     1
  Use: Scroll            |       |     8 |     2 ||    10
 Stab: Sleeping          |     2 |     2 |       ||     4
Armor: Ring mail         |    88 |   148 |    19 ||   255
Dodge: Dodged            |   120 |   154 |    23 ||   297
Block: Other             |       |     1 |     3 ||     4
